 Dungeon Crawl Stone Soup version 0.29.1-2-gbd0b4ee654 (webtiles) character file.

Game seed: 10445751070212476822

2368 warriortoast the Covert (level 9, 0/39 HPs)
             Began as a Spriggan Enchanter on Nov 21, 2022.
             Slain by Maggie
             ... wielding a +2 war axe of flaming
              (1 damage)
             ... on level 7 of the Dungeon.
             The game lasted 00:19:33 (11372 turns).

warriortoast the Covert (Spriggan Enchanter)       Turns: 11372, Time: 00:19:34

Health: 0/39       AC:  3    Str:  6    XL:     9   Next: 21%
Magic:  6/20       EV: 21    Int: 17    God:
Gold:   379        SH:  0    Dex: 17    Spells: 13/21 levels left

rFire   . . .      SeeInvis +   a - +4 dagger (venom)
rCold   . . .      Faith    .   (no shield)
rNeg    . . .      Spirit   .   b - +0 robe
rPois   .          Reflect  .   (helmet restricted)
rElec   .          Harm     .   u - +0 cloak {rCorr}
rCorr   +          Rampage  .   (gloves unavailable)
Will    +....                   (boots unavailable)
Stlth   ++++......              (no amulet)
HPRegen 0.13/turn               (no ring)
MPRegen 0.17/turn               (no ring)

@: confusing by touch, mesmerised, very quick
A: very small, no large weapons, unfitting armour, see invisible, speed 3
a: no special abilities


You were on level 7 of the Dungeon.
You visited 2 branches of the dungeon, and saw 8 of its levels.

You collected 379 gold pieces.

Inventory:

Hand Weapons
 a - a +4 dagger of venom (weapon)
 c - a +2 dagger of speed
 e - a +0 shortbow
 v - a +1 dagger
 E - a +0 sling
Missiles
 H - 2 throwing nets
Armour
 b - a +0 robe (worn)
 s - a +0 robe of the Archmagi
 u - a +0 cloak of preservation (worn)
 F - a scarf of invisibility
Jewellery
 i - a ring of ice
 q - a +6 ring of intelligence
 x - a ring of wizardry
 D - a ring of protection from cold
 K - an amulet of the acrobat
Wands
 B - a wand of flame (10)
Scrolls
 d - a scroll of immolation {unknown}
 f - 8 scrolls of teleportation {unknown}
 j - a scroll of summoning {unknown}
 k - 2 scrolls of poison {unknown}
 n - 5 scrolls of identify {unknown}
 o - 2 scrolls of acquirement {unknown}
 r - 2 scrolls of noise {unknown}
 t - 2 scrolls of magic mapping {unknown}
 y - a scroll of blinking {unknown}
 G - a scroll of brand weapon {unknown}
 J - a scroll of fear {unknown}
Potions
 g - 2 potions of flight {unknown}
 h - 3 potions of cancellation
 l - a potion of magic {unknown}
 m - a potion of lignification {unknown}
 p - a potion of resistance {unknown}
 w - a potion of attraction {unknown}
 z - a potion of invisibility
 A - a potion of curing
 C - a potion of might {unknown}
 I - a potion of mutation {unknown}


   Skills:
 - Level 5.0 Short Blades
 + Level 2.6 Ranged Weapons
 + Level 7.5 Dodging
 + Level 9.4 Stealth
 + Level 6.8 Spellcasting
 + Level 7.4 Hexes
 + Level 3.7 Evocations


You had 13 spell levels left.
You knew the following spells:

 Your Spells              Type           Power      Damage    Failure   Level
a - Ensorcelled Hibernat  Hex/Ice        36%        N/A       3%          2
b - Confusing Touch       Hex            31%        N/A       1%          3
c - Tukima's Dance        Hex            31%        N/A       1%          3

Your spell library contained the following spells:

 Spells                   Type           Power      Damage    Failure   Level
 Dazzling Flash           Conj/Hex       36%        N/A       8%          3
 Anguish                  Hex/Necr       9%         N/A       26%         4
 Spider Form              Tmut/Pois      5%         N/A       34%         3


Dungeon Overview and Level Annotations

Branches:
Dungeon (7/15)             Temple (1/1) D:4

Altars:
Dithmenos
Elyvilon
Gozag
Hepliaklqana
Kikubaaqudgha
Makhleb
Nemelex Xobeh
Okawaru
Qazlal
Sif Muna
Trog
Uskayaw
Vehumet
Zin

Annotations:
D:7 Maggie


Innate Abilities, Weirdness & Mutations

You are very small and have problems with some larger weapons.
You are too small for most types of armour.
You have supernaturally acute eyesight. (SInv)
You cover ground extremely quickly. (Speed+++)


Message History

Maggie mumbles some strange words.
Maggie attempts to bespell you!
You are mesmerised by Maggie!
Casting: Ensorcelled Hibernation (safe; 3% risk of failure)
Confirm with . or Enter, or press ? or * to list all spells.
Aiming: Ensorcelled Hibernation (safe; 3% risk of failure)
Press: ? - help, Shift-Dir - straight line, f/p - Maggie
Aim: Maggie, wielding a +2 war axe of flaming, wearing +0 steam dragon scales and carrying a wand of iceblast (9) (mesmerising, chance to affect: 50%) Maggie resists with some effort.
Casting: Ensorcelled Hibernation (safe; 3% risk of failure)
Confirm with . or Enter, or press ? or * to list all spells.
Aiming: Ensorcelled Hibernation (safe; 3% risk of failure)
Press: ? - help, Shift-Dir - straight line, f/p - Maggie
Aim: Maggie, wielding a +2 war axe of flaming, wearing +0 steam dragon scales and carrying a wand of iceblast (9) (mesmerising, chance to affect: 50%) Maggie resists with some effort.
Maggie mumbles some strange words.
Maggie draws you further into her thrall.
Casting: Ensorcelled Hibernation (safe; 3% risk of failure)
Confirm with . or Enter, or press ? or * to list all spells.
Aiming: Ensorcelled Hibernation (safe; 3% risk of failure)
Press: ? - help, Shift-Dir - straight line, f/p - Maggie
Aim: Maggie, wielding a +2 war axe of flaming, wearing +0 steam dragon scales and carrying a wand of iceblast (9) (mesmerising, chance to affect: 50%) Maggie resists with some effort.
Maggie casts a spell.
Maggie draws you further into her thrall.
Casting: Ensorcelled Hibernation (safe; 3% risk of failure)
Confirm with . or Enter, or press ? or * to list all spells.
Your hands begin to glow red.
Maggie zaps a wand.
The mass of ice explodes!
The iceblast engulfs you!
Your magical contamination has completely faded away.
Maggie points at you and mumbles some strange words.
The bolt of fire hits you!
* * * LOW HITPOINT WARNING * * *
You are too injured to fight recklessly!
You feel better.
You hit Maggie but do no damage.
Maggie hits you with a +2 war axe of flaming!
* * * LOW HITPOINT WARNING * * *
Maggie burns you.
You die...

##......##
##........##
#..........#
#..........#
#..........#
#..<.......#
#..........#
##........##
#..@.......#
........@......#
#####..........#
#..........#
#..........
##........#
##......##
#####.##


You could see Maggie (mesmerising).

Vanquished Creatures
  Sigmund (D:6)
  Eustachio (D:4)
  A water moccasin (D:6)
  Duvessa (D:4)
  An orc warrior (D:6)
  A sky beast (D:6)
  A black bear (D:6)
  An ice beast (D:6)
  A phantom (D:5)
  A centaur (D:5)
  A necrophage (D:6)
  2 bullfrogs (D:6)
  A gnoll sergeant (D:5)
  5 scorpions
  Dowan (D:4)
  3 hounds
  2 jellies
  Crazy Yiuf (D:2)
  A gnoll bouda (D:5)
  2 orc priests
  Terence (D:3)
  3 orc wizards
  Robin (D:2)
  19 gnolls
  7 adders
  An ufetubus (D:4)
  A dart slug (D:2)
  13 orcs
  5 ball pythons
  2 bats
  6 endoplasms
  20 goblins
  7 hobgoblins
  7 jackals
  16 kobolds
  2 quokkas
  A frilled lizard (D:2)
  3 rats
144 creatures vanquished.

Vanquished Creatures (others)
  2 dancing weapons
2 creatures vanquished.

Grand Total: 146 creatures vanquished

Notes
Turn   | Place    | Note
-------+----------+-------------------------------------------
     0 | D:1      | warriortoast the Spriggan Enchanter began the quest for the
                  | Orb.
     0 | D:1      | Reached XP level 1. HP: 9/9 MP: 5/5
   598 | D:1      | Reached XP level 2. HP: 13/13 MP: 6/6
  1142 | D:1      | Learned a level 2 spell: Ensorcelled Hibernation
  1781 | D:2      | Reached XP level 3. HP: 16/16 MP: 8/8
  2313 | D:2      | Noticed Robin
  2340 | D:1      | Learned a level 3 spell: Confusing Touch
  2344 | D:1      | Learned a level 3 spell: Tukima's Dance
  2507 | D:1      | Reached skill level 5 in Stealth
  3354 | D:2      | Reached XP level 4. HP: 21/21 MP: 2/10
  3862 | D:2      | Killed Robin
  4116 | D:2      | Found a runed translucent door.
  4117 | D:2      | Noticed Crazy Yiuf
  4324 | D:2      | Killed Crazy Yiuf
  4325 | D:2      | Reached XP level 5. HP: 24/24 MP: 8/11
  4876 | D:3      | Noticed Terence
  4919 | D:3      | Killed Terence
  5008 | D:3      | Found a faded altar of an unknown god.
  5102 | D:3      | Reached skill level 6 in Stealth
  5305 | D:4      | Noticed Duvessa
  5305 | D:4      | Noticed Dowan
  5328 | D:4      | Noticed Eustachio
  5342 | D:4      | Killed Eustachio
  5343 | D:4      | Reached skill level 5 in Hexes
  5343 | D:4      | Reached XP level 6. HP: 25/28 MP: 9/13
  5409 | D:4      | Found a staircase to the Ecumenical Temple.
  5429 | Temple   | Entered the Ecumenical Temple
  5522 | D:4      | Identified the +7 quarterstaff "Cudeen" {vorpal, rN+}
  5568 | D:4      | Reached skill level 5 in Dodging
  5813 | D:4      | Found a radiant altar of Vehumet.
  6097 | D:4      | Killed Duvessa
  6098 | D:4      | Reached XP level 7. HP: 21/32 MP: 9/15
  6750 | D:4      | Killed Dowan
  6751 | D:4      | Reached skill level 7 in Stealth
  6762 | D:4      | HP: 1/32 [poisoned by Dowan]
  7576 | D:4      | Reached skill level 5 in Spellcasting
  7815 | D:5      | Entered Level 5 of the Dungeon
  8731 | D:5      | Found an ancient bone altar of Kikubaaqudgha.
  8916 | D:5      | Reached XP level 8. HP: 12/36 MP: 13/17
  9306 | D:5      | Found an iron altar of Okawaru.
  9398 | D:5      | Reached skill level 8 in Stealth
  9671 | D:5      | Reached skill level 1 in Evocations
  9854 | D:5      | Found a glowing silver altar of Zin.
  9937 | D:6      | Reached skill level 5 in Short Blades
 10055 | D:6      | Reached skill level 1 in Ranged Weapons
 10677 | D:6      | Reached skill level 9 in Stealth
 10739 | D:6      | Noticed Sigmund
 10751 | D:6      | Killed Sigmund
 10752 | D:6      | Reached XP level 9. HP: 39/39 MP: 15/19
 11359 | D:7      | Noticed Maggie
 11372 | D:7      | HP: 1/39 [Maggie/+2 war axe of flaming (10)]
 11372 | D:7      | Slain by Maggie

Illustrated notes

Levels and vault maps discovered:
D:1:      roderic_octagonal_star, layout_loops_ring,
          amcnicky_mini_rare_corridor_liquid, hangedman_decor_slide_cut,
          wad_floor_pattern_untrapped
D:2:      minmay_kobold_bridge, layout_basic, uniq_robin,
          uniq_crazy_yiuf_cottage
D:3:      layout_rooms, hellmonk_ecumenical_altar_run_dry, uniq_terence
D:4:      layout_basic, fiery_altar_vehumet, temple_fountains,
          chequers_serial_rivers_micro_a, uniq_duvessa, uniq_eustachio
D:5:      layout_rooms, lemuel_crystal_altar, marbit_many_paths,
          zin_scriptorium, pf_guarded_unrand_woodcutter
D:6:      layout_basic, uniq_sigmund
D:7:      layout_rooms, uniq_maggie
Temple:   nicolae_temple_ecumenical_triangle

Skill      XL: |  1  2  3  4  5  6  7  8 |
---------------+-------------------------+-----
Dodging        | 3 4 5 6 7 |  7.5
Spellcasting   | 3 4 5 6 |  6.8
Hexes          | 4 5 6 7 |  7.4
Stealth        | 5 6 7 9 |  9.4
Short Blades   | 2 3 4 5 |  5.0
Evocations     | 3 |  3.7
Ranged Weapons | 2 |  2.6

Action                   |  1- 3 |  4- 6 |  7- 9 || total
-------------------------+-------+-------+-------++-------
Melee: Dagger            |   127 |    93 |   169 ||   389
       Punch             |       |     1 |     4 ||     5
 Fire: Sling             |       |     7 |     4 ||    11
       Shortbow          |       |       |    27 ||    27
 Cast: Ensorcelled Hiber |    37 |    31 |    21 ||    89
       Confusing Touch   |       |     4 |    19 ||    23
       Tukima's Dance    |       |       |     2 ||     2
  Use: Potion            |       |       |    10 ||    10
 Stab: Sleeping          |    27 |    39 |    16 ||    82
       Confused          |       |     3 |    10 ||    13
       Invisible         |       |       |     1 ||     1
Armor: Robe              |     7 |     9 |    13 ||    29
Dodge: Dodged            |   107 |    65 |   123 ||   295
